 Dungeon Crawl Stone Soup version 0.29-a0-732-g3d7fbe0af2 (webtiles) character file.

Game seed: 9693075319688700595

298 wingedge the Chopper (level 6, 0/55 HPs)
             Began as a Hill Orc Monk on June 29, 2022.
             Succumbed to a water moccasin's poison
             ... on level 5 of the Dungeon.
             The game lasted 00:16:35 (4183 turns).

wingedge the Chopper (Hill Orc Monk)                Turns: 4183, Time: 00:16:36

Health: 0/55       AC:  9    Str: 15 (16) XL:     6   Next: 35%
Magic:  6/6        EV: 14    Int:  8 (10) God:
Gold:   304        SH:  5    Dex: 12 (13) Spells: 5/5 levels left

rFire   . . .      SeeInvis +   a - +0 hand axe
rCold   . . .      Faith    .   (no shield)
rNeg    . . .      Spirit   .   d - +0 scale mail
rPois   .          Reflect  +   (no helmet)
rElec   .          Harm     .   t - +0 cloak
rCorr   .          Rampage  .   (no gloves)
Will    .....                   f - +0 pair of boots
Stlth   ..........              q - amulet of reflection
HPRegen 0.18/turn               v - +4 ring of evasion
MPRegen 0.10/turn               F - ring of see invisible

@: lethally poisoned (0 -> -3), hasted, very quick
A: no striking features
a: no special abilities


You were on level 5 of the Dungeon.
You visited 1 branch of the dungeon, and saw 5 of its levels.

You collected 304 gold pieces.

Inventory:

Hand Weapons
 a - a +0 hand axe (weapon)
 w - a +0 battleaxe
 x - a +0 sling
 y - a +0 trident
 C - a +2 short sword of venom
Missiles
 g - 2 poisoned darts (quivered)
Armour
 d - a +0 scale mail (worn)
 f - a +0 pair of boots (worn)
 t - a +0 cloak (worn)
Magical Staves
 G - a staff of death
Jewellery
 e - a ring of ice
 q - an amulet of reflection (around neck)
 v - a +4 ring of evasion (left hand)
 A - a ring of resist corrosion
 F - a ring of see invisible (right hand)
Scrolls
 h - 2 scrolls of fog {unknown}
 i - 3 scrolls of amnesia
 k - 2 scrolls of enchant armour {unknown}
 n - 2 scrolls of fear {unknown}
 o - a scroll of teleportation {unknown}
 u - a scroll of summoning {unknown}
 z - a scroll of acquirement {unknown}
 D - a scroll of brand weapon {unknown}
 I - a scroll of magic mapping {unknown}
Potions
 b - a potion of resistance
 j - 2 potions of mutation
 m - a potion of magic {unknown}
 p - 2 potions of flight
 r - 2 potions of cancellation
 B - a potion of attraction {unknown}
 H - a potion of curing {unknown}


   Skills:
 + Level 4.9 Fighting
 * Level 6.7 Axes
 + Level 2.8 Armour
 - Level 3.0 Dodging
 - Level 2.0 Stealth


You had 5 spell levels left.
You didn't know any spells.
Your spell library contained the following spells:

 Spells                   Type           Power      Damage    Failure   Level
 Magic Dart               Conj           0%         1d3       86%         1
 Call Imp                 Summ           0%         N/A       94%         2
 Mephitic Cloud           Conj/Pois/Air  0%         N/A       99%         3
 Ozocubu's Armour         Ice            0%         N/A       99%         3
 Fireball                 Conj/Fire      0%         3d3       100%        5
 Iskenderun's Battlesphe  Conj           0%         2d6       100%        5
 Conjure Ball Lightning   Conj/Air       0%         3x3d6     100%        6
 Orb of Destruction       Conj           0%         9d5       100%        7
 Ozocubu's Refrigeration  Ice            0%         4d5       100%        7


Dungeon Overview and Level Annotations

Branches:
Dungeon (5/15)
 Temple: D:4-7

Altars:
Ashenzari
Makhleb
Vehumet

Shops:
D:2 =


Message History

You are confused.
You feel invigorated.
* * * LOW HITPOINT WARNING * * *
You feel very sick.
The water moccasin bites you but does no damage.
The water moccasin bites you.
* * * LOW HITPOINT WARNING * * *
You slash the water moccasin!
You kill the water moccasin!
* * * LOW HITPOINT WARNING * * *
You feel very sick.
You have reached level 6!
* * * LOW HITPOINT WARNING * * *
You feel very sick.
You feel less invigorated.
You feel less confused.
* * * LOW HITPOINT WARNING * * *
You feel very sick.
* * * LOW HITPOINT WARNING * * *
You feel very sick.
Found a ring mail.
* * * LOW HITPOINT WARNING * * *
You feel sick.
Okay, then.
Drinking this now will have no effect.
Okay, then.
* * * LOW HITPOINT WARNING * * *
You feel sick.
Okay, then.
* * * LOW HITPOINT WARNING * * *
You feel sick.
* * * LOW HITPOINT WARNING * * *
You feel sick.
It was a potion of degeneration.
There was something very wrong with that liquid.
You feel weakened.
You feel dopey.
You feel clumsy.
* * * LOW HITPOINT WARNING * * *
You feel sick.
It was a potion of haste.
You feel yourself speed up.
You die...

#.......>#
#........#
#........#
#.......#
##......#
########......^#
...(...........#
..$............#
.[........@..<.#
.............#.#
..<.......####..#
.........(# ....
#####...... ....#
##...(.. ..###
#....... ..#
#[..... ..# .# .


There were no monsters in sight!

Vanquished Creatures
  A water moccasin (D:5)
  A hound (D:4)
  Natasha (thrice) (D:3)
  A gnoll (D:1)
  An adder (D:2)
  A dart slug (D:1)
  6 orcs
  5 endoplasms
  6 giant cockroaches
  9 goblins
  5 hobgoblins
  5 jackals
  A quokka (D:3)
  3 ball pythons (D:1)
  6 bats
  2 frilled lizards
  8 kobolds
  2 rats (D:1)
66 creatures vanquished.

Vanquished Creatures (others)
  3 fungi (D:2)
  A plant (D:5)
  4 toadstools (D:2)
8 creatures vanquished.

Grand Total: 74 creatures vanquished

Notes
Turn   | Place    | Note
-------+----------+-------------------------------------------
     0 | D:1      | wingedge the Hill Orc Monk began the quest for the Orb.
     0 | D:1      | Reached XP level 1. HP: 19/19 MP: 1/1
   350 | D:1      | HP: 1/20 [hobgoblin (2)]
   352 | D:1      | Reached XP level 2. HP: 1/27 MP: 2/2
   762 | D:1      | Found a faded altar of an unknown god.
  1234 | D:1      | Reached skill level 1 in Armour
  1234 | D:1      | Reached XP level 3. HP: 32/33 MP: 3/3
  1544 | D:2      | Found Hiafaun's Jewellery Boutique.
  1792 | D:2      | Reached skill level 5 in Axes
  1792 | D:2      | Reached XP level 4. HP: 40/40 MP: 4/4
  2289 | D:3      | Noticed Natasha
  2303 | D:3      | Killed Natasha
  2525 | D:3      | Noticed Natasha
  2540 | D:3      | Killed Natasha
  2921 | D:3      | Noticed Natasha
  2940 | D:3      | Killed Natasha
  2941 | D:3      | Reached XP level 5. HP: 21/47 MP: 5/5
  3274 | D:3      | Found a broken altar of Ashenzari.
  3557 | D:4      | Reached skill level 6 in Axes
  3816 | D:4      | Found a burning altar of Makhleb.
  4057 | D:4      | Found a radiant altar of Vehumet.
  4078 | D:5      | Entered Level 5 of the Dungeon
  4125 | D:5      | Noticed a troll
  4154 | D:5      | Noticed a water moccasin
  4174 | D:5      | Killed a water moccasin
  4175 | D:5      | Reached XP level 6. HP: 7/55 MP: 6/6
  4180 | D:5      | HP: 2/55 [poisoned by a water moccasin]
  4183 | D:5      | Succumbed to a water moccasin's poison

Illustrated notes

Levels and vault maps discovered:
D:1:      amcnicky_arrival_gap_in_the_tavern_cellar, layout_loops_cross,
          shapermc_ecumenical_altar_gd
D:2:      layout_basic, serial_shops, nicolae_shop_crystal,
          minmay_gold_behind_fungi
D:3:      layout_basic, mainiacjoe_overflow_cross_hatched, serial_corexii_hall,
          corexii_hall_statues_l, corexii_hall_statues_u, uniq_natasha
D:4:      layout_basic, mainiacjoe_overflow_catwalk, lemuel_tele_altar
D:5:      layout_rooms, minmay_temple_entry_grid, chequers_big_river,
          chequers_serial_rivers_large_a, st_stairs_4,
          hangedman_abyss_or_decor_stagger, minmay_manual_mess

Skill      XL: |  1  2  3  4  5 |
---------------+----------------+-----
Armour         | 1 2 |  2.8
Stealth        | 2 |  2.0
Fighting       | 4 |  4.9
Axes           | 5 6 |  6.7
Dodging        | 3 |  3.0

Action                   |  1- 3 |  4- 6 || total
-------------------------+-------+-------++-------
Melee: Hand axe          |   134 |   154 ||   288
       Punch             |     1 |       ||     1
Throw: Dart              |     6 |     4 ||    10
  Use: Scroll            |       |     5 ||     5
       Potion            |       |     3 ||     3
Armor: Scale mail        |    47 |    48 ||    95
Dodge: Dodged            |    55 |    59 ||   114
Block: Other             |       |    27 ||    27

Table legend: (Time is in decaauts)
 A = Elapsed time spent in this place.
 B = Non-inter-level travel time spent in this place.
 C = Inter-level travel time spent in this place.
 D = Time resting spent in this place.
 E = Time spent auto-exploring this place.
 F = Levels seen in this place.
 G = Mean time per level.
                   A        B        C        D        E       F      G
               +--------+--------+--------+--------+--------+-----+--------+
         Total |   4189 |   4047 |    142 |   1057 |   1701 |   5 |  837.8 |
       Dungeon |   4189 |   4047 |    142 |   1057 |   1701 |   5 |  837.8 |
               +--------+--------+--------+--------+--------+-----+--------+

Top non-repeatable levels by time:
     D:1: 1544 daAuts
     D:3: 1201 daAuts
     D:2: 786 daAuts
     D:4: 617 daAuts
     D:5: 40 daAuts
